 Dungeon Crawl Stone Soup version 0.27-a0-1196-g3e9cee4cb2 (webtiles) character file.

Game seed: 3495162703855624474

73 Glokmah the Grasshopper (level 4, -6/23 HPs)
             Began as a Spriggan Warper on May 29, 2021.
             Killed from afar by Crazy Yiuf (13 damage)
             ... with a puff of flame
             ... on level 2 of the Dungeon.
             The game lasted 00:05:45 (3135 turns).

Glokmah the Grasshopper (Spriggan Warper)           Turns: 3135, Time: 00:05:46

Health: -6/23      AC:  2    Str:  7    XL:     4   Next: 8%
Magic:  3/9        EV: 17    Int: 14    God:
Gold:   123        SH:  0    Dex: 15    Spells: 7/9 levels left

rFire    . . .     SeeInvis +   a - +0 short sword
rCold    . . .     Faith    .   (shield restricted)
rNeg     . . .     Spirit   .   b - +0 robe
rPois    .         Reflect  .   (helmet restricted)
rElec    .         Harm     .   (no cloak)
rCorr    .         Rampage  .   (gloves unavailable)
Will     .....                  (boots unavailable)
Stlth    ++........             (no amulet)
HPRegen  0.07/turn              i - +4 ring of slaying
MPRegen  0.11/turn              (no ring)

@: very quick
A: very small, no large weapons, unfitting armour, see invisible, speed 3
a: no special abilities


You were on level 2 of the Dungeon.
You visited 1 branch of the dungeon, and saw 2 of its levels.

You collected 123 gold pieces.

Inventory:

Hand Weapons
 a - a +0 short sword (weapon)
 f - a +4 hand crossbow of freezing
Missiles
 e - 5 boomerangs of dispersal (quivered)
Armour
 b - a +0 robe (worn)
Jewellery
 i - a +4 ring of slaying (left hand)
Scrolls
 d - a scroll of blinking
 h - 2 scrolls of noise
 j - a scroll of enchant armour {unknown}
 n - a scroll of identify {unknown}
 o - a scroll of fear {unknown}
Potions
 c - a potion of degeneration {unknown}
 k - a potion of cancellation {unknown}
 l - a potion of heal wounds {unknown}
 m - a potion of brilliance {unknown}
 p - a potion of berserk rage {unknown}


   Skills:
 + Level 1.9 Fighting
 * Level 3.0 Short Blades
 * Level 0.6 Crossbows
 - Level 1.0 Throwing
 - Level 3.2 Dodging
 * Level 2.8 Stealth
 + Level 3.1 Spellcasting
 * Level 5.1 Translocations


You had 7 spell levels left.
You knew the following spells:

 Your Spells              Type           Power      Damage    Failure   Level
a - Blink                 Tloc           N/A        N/A       4%          2

Your spell library contained the following spells:

 Spells                   Type           Power      Damage    Failure   Level
 Gell's Gravitas          Tloc           8%         N/A       8%          3
 Lesser Beckoning         Tloc           8%         N/A       8%          3
 Teleport Other           Tloc           16%        N/A       8%          3
 Manifold Assault         Tloc           16%        N/A       58%         5


Dungeon Overview and Level Annotations

Branches:
Dungeon (2/15)

Altars:

Annotations:
D:2 Crazy Yiuf


Innate Abilities, Weirdness & Mutations

You are very small and have problems with some larger weapons.
You are too small for most types of armour.
You have supernaturally acute eyesight. (SInv)
You cover ground extremely quickly. (Speed+++)


Message History

The adder barely misses you. The adder bites you.
You are poisoned.
The adder poisons you!
You hit the adder.
The adder is almost dead.
You feel sick. The adder closely misses you.
You puncture the adder!
You kill the adder!
You feel sick.
You have reached level 4!
You feel sick.
You feel sick.
You feel sick.
You feel sick.
You feel sick.
You are no longer poisoned.
You see here an adder corpse.
You now have 111 gold pieces (gained 2).
You now have 123 gold pieces (gained 12).
Found a stone staircase leading down.
Found four maces and a runed mace.
Found three maces.
Found a mace.
Found a runed translucent door.
Found a mace.
Found a mace.
Found a mace.
You see here a +2 mace of venom.
Crazy Yiuf shouts!
You see here a +0 mace.
You open the door.
Crazy Yiuf hits you with a +3 quarterstaff of chaos!
Ouch! That really hurt!
You feel your power leaking away.
Found a mace.
There is an open translucent door, spattered with blood here.
You see here a +0 mace.
Crazy Yiuf whimpers, "Shower!
Sif Muna blue horse."
Crazy Yiuf zaps a wand.
The puff of flame hits you!
Ouch! That really hurt!
You die...

##### ....# ###.# # #.# #
###################### # #.#
..##...)...##............ # #.#
...)....).##.###.####### # #.##
#####).......+.###.# # # #..#
#...#..........#.#.# ##### # #.##
#...'g)..@.......#.# #.... # ###
#)..#))......+...#.# #.### #
#####.)...).####.#.# #.... #
#...))..)....)# #...###..#. #
###)..).)..#### ##.......#.
########################.####.###
...........#.......#.....#.....#.
#####.##.#.#.#####.#.#####.......
#....##.#.#...#...†...[....##...


You could see Crazy Yiuf.

Vanquished Creatures
  A gnoll (D:2)
  An adder (D:2)
  3 dart slugs (D:2)
  3 bats
  3 endoplasms (D:1)
  3 hobgoblins
  2 jackals (D:1)
  4 kobolds (D:1)
  4 quokkas
  3 ball pythons (D:1)
  A ball python skeleton (D:2)
  16 frilled lizards
  2 goblins
  7 rats
53 creatures vanquished.

Vanquished Creatures (others)
  5 plants (D:2)
5 creatures vanquished.

Grand Total: 58 creatures vanquished

Notes
Turn   | Place    | Note
-------+----------+-------------------------------------------
     0 | D:1      | Glokmah the Spriggan Warper began the quest for the Orb.
     0 | D:1      | Reached XP level 1. HP: 10/10 MP: 5/5
   437 | D:1      | Reached skill level 1 in Stealth
   564 | D:1      | Reached XP level 2. HP: 6/14 MP: 6/6
  1770 | D:1      | Reached XP level 3. HP: 18/18 MP: 8/8
  2041 | D:2      | Identified a scroll of acquirement
  2041 | D:2      | Acquired a +4 hand crossbow of freezing
  2046 | D:2      | Learned a level 2 spell: Blink
  2571 | D:2      | Reached skill level 5 in Translocations
  2908 | D:2      | Reached XP level 4. HP: 18/23 MP: 9/9
  3121 | D:2      | Found a runed translucent door.
  3124 | D:2      | Noticed Crazy Yiuf
  3135 | D:2      | Killed from afar by Crazy Yiuf

Illustrated notes

Levels and vault maps discovered:
D:1:      dpeg_arrival_refuge, layout_basic, st_stairs_7, minmay_lizard_pond
D:2:      minmay_inner_zag, layout_basic, minmay_lizard_king,
          uniq_crazy_yiuf_cottage

Skill      XL: |  1  2  3 |
---------------+----------+-----
Stealth        | 1 2 |  2.8
Spellcasting   | 3 |  3.1
Translocations | 5 |  5.1
Short Blades   | 3 |  3.0
Fighting       | |  1.9
Crossbows      | |  0.6
Throwing       | |  1.0
Dodging        | |  3.2

Action                   |  1- 3 |  4- 6 || total
-------------------------+-------+-------++-------
Melee: Short sword       |   180 |       ||   180
  Use: Scroll            |     3 |       ||     3
Armor: Robe              |    11 |       ||    11
Dodge: Dodged            |   120 |       ||   120

Table legend: (Time is in decaauts)
 A = Elapsed time spent in this place.
 B = Non-inter-level travel time spent in this place.
 C = Inter-level travel time spent in this place.
 D = Time resting spent in this place.
 E = Time spent auto-exploring this place.
 F = Levels seen in this place.
 G = Mean time per level.
                   A        B        C        D        E       F      G
               +--------+--------+--------+--------+--------+-----+--------+
         Total |   2506 |   2380 |    126 |    336 |   1556 |   2 | 1253.0 |
       Dungeon |   2506 |   2380 |    126 |    336 |   1556 |   2 | 1253.0 |
               +--------+--------+--------+--------+--------+-----+--------+

Top non-repeatable levels by time:
     D:1: 1718 daAuts
     D:2: 788 daAuts
